| TOP OF THE 1ST |
|
St. Louis Cardinals batting - Pitching for Montreal Expos : LHP Frank Riccelli
|
|
Pitching: LHP Frank Riccelli
|
|
|
Batting: SHB Otis Nixon
|
0-0: Ball 1-0: Ball 2-0: Foul Ball, location: 2F 2-1: SINGLE (Groundball, 25, EV 68.1 MPH) (infield hit)
|
|
Batting: SHB Billy E Smith
|
0-0: Called Strike 0-1: Ball 1-1: Ball 2-1: Ball 3-1: Fielders Choice at 2nd, 6-4 (Groundball, 6, EV 88.1 MPH)
|
|
Batting: RHB Sixto Lezcano
|
0-0: Ball 1-0: Called Strike 1-1: Ball 2-1: Called Strike Billy E Smith steals 2nd base 2-2: Foul Ball, location: 2F 2-2: Ball 3-2: Strikes out swinging
|
|
Batting: LHB Pat Putnam
|
0-0: Swinging Strike 0-1: Ball 1-1: Fly out, F7 (Flyball, 7LS, EV 86.9 MPH)
|
| Top of the 1st over - 0 runs, 1 hit, 0 errors, 1 left on base; St. Louis 0 - Montreal 0 |
| BOTTOM OF THE 1ST |
|
Montreal Expos batting - Pitching for St. Louis Cardinals : RHP John D'Acquisto
|
|
Pitching: RHP John D'Acquisto
|
|
|
Batting: LHB Duane Walker
|
0-0: Ball 1-0: Foul Ball, location: 2F 1-1: Ball 2-1: Foul Ball, location: 2F 2-2: Ball 3-2: Strikes out swinging
|
|
Batting: SHB Garry Templeton
|
0-0: Ball 1-0: Ground out U3 (Groundball, 3, EV 85.0 MPH)
|
|
Batting: LHB Kirk Gibson
|
0-0: Ball 1-0: Ball 2-0: Ball 3-0: Called Strike 3-1: Base on Balls
|
|
Batting: RHB Dale Murphy
|
0-0: Ball Kirk Gibson is caught stealing 2nd base 2-4
|
| Bottom of the 1st over - 0 runs, 0 hits, 0 errors, 0 left on base; St. Louis 0 - Montreal 0 |
| TOP OF THE 2ND |
|
St. Louis Cardinals batting - Pitching for Montreal Expos : LHP Frank Riccelli
|
|
Batting: RHB Pascual D'Annunzio
|
0-0: Ball 1-0: Foul Ball, location: 2F 1-1: Fly out, F3 (Popup, 3SF, EV 78.8 MPH)
|
|
Batting: LHB Jim Gantner
|
0-0: Called Strike 0-1: Ball 1-1: Ball 2-1: Ball 3-1: Called Strike 3-2: Strikes out swinging
|
|
Batting: RHB Joe Torre
|
0-0: Swinging Strike 0-1: Called Strike 0-2: Ball 1-2: Foul Ball, location: 2F 1-2: Foul Ball, location: 2F 1-2: Ground out 5-3 (Groundball, 5, EV 86.3 MPH)
|
| Top of the 2nd over - 0 runs, 0 hits, 0 errors, 0 left on base; St. Louis 0 - Montreal 0 |
| BOTTOM OF THE 2ND |
|
Montreal Expos batting - Pitching for St. Louis Cardinals : RHP John D'Acquisto
|
|
Batting: RHB Dale Murphy
|
0-0: Ball 1-0: Ball 2-0: Foul Ball, location: 2F 2-1: Ball 3-1: Base on Balls
|
|
Batting: RHB Dave Winfield
|
0-0: Fly out, F6 (Flyball, 56D, EV 85.0 MPH)
|
|
Batting: LHB Timnothy Meyer
|
0-0: Ball 1-0: Swinging Strike 1-1: Swinging Strike 1-2: Ball 2-2: Foul Ball, location: 2F 2-2: Foul Ball, location: 2F 2-2: Foul Ball, location: 2F 2-2: Strikes out looking
|
|
Batting: LHB Ernesto Quevedo
|
0-0: Called Strike 0-1: Ball 1-1: Ball 2-1: Foul Ball, location: 2F 2-2: Foul Ball, location: 2F 2-2: Fly out, F9 (Flyball, 89D, EV 100.0 MPH)
|
| Bottom of the 2nd over - 0 runs, 0 hits, 0 errors, 1 left on base; St. Louis 0 - Montreal 0 |
| TOP OF THE 3RD |
|
St. Louis Cardinals batting - Pitching for Montreal Expos : LHP Frank Riccelli
|
|
Batting: RHB Brian Dayett
|
0-0: Ball 1-0: Ball 2-0: Called Strike 2-1: Ball 3-1: Swinging Strike 3-2: Base on Balls
|
|
Batting: RHB John D'Acquisto
|
0-0: Ball 1-0: Bunt missed! 1-1: Bunted foul 1-2: Sac Bunt to 5S - play at first, batter OUT! 5-4 Brian Dayett to second
|
|
Batting: SHB Otis Nixon
|
0-0: Ball 1-0: Ground out 1-3 (Groundball, 15S, EV 67.5 MPH)
|
|
Batting: SHB Billy E Smith
|
0-0: Called Strike 0-1: Foul Ball, location: 2F 0-2: Ground out 1-3 (Groundball, 13S, EV 71.3 MPH)
|
| Top of the 3rd over - 0 runs, 0 hits, 0 errors, 1 left on base; St. Louis 0 - Montreal 0 |
| BOTTOM OF THE 3RD |
|
Montreal Expos batting - Pitching for St. Louis Cardinals : RHP John D'Acquisto
|
|
Batting: LHB Orlando Sanchez
|
0-0: Fly out, F8 (Flyball, 8RS, EV 88.1 MPH)
|
|
Batting: LHB Frank Riccelli
|
0-0: Called Strike 0-1: Foul Ball, location: 2F 0-2: Ball 1-2: Foul Ball, location: 2F 1-2: Ground out 4-3 (Groundball, 4, EV 104.4 MPH)
|
|
Batting: LHB Duane Walker
|
0-0: Called Strike 0-1: Swinging Strike 0-2: Fly out, F6 (Popup, 6, EV 53.8 MPH)
|
| Bottom of the 3rd over - 0 runs, 0 hits, 0 errors, 0 left on base; St. Louis 0 - Montreal 0 |
| TOP OF THE 4TH |
|
St. Louis Cardinals batting - Pitching for Montreal Expos : LHP Frank Riccelli
|
|
Batting: RHB Sixto Lezcano
|
0-0: Fly out, F8 (Flyball, 8LM, EV 85.6 MPH)
|
|
Batting: LHB Pat Putnam
|
0-0: Ball 1-0: Called Strike 1-1: Called Strike 1-2: Strikes out looking
|
|
Batting: RHB Pascual D'Annunzio
|
0-0: Ball 1-0: Ground out 6-3 (Groundball, 56, EV 79.4 MPH)
|
| Top of the 4th over - 0 runs, 0 hits, 0 errors, 0 left on base; St. Louis 0 - Montreal 0 |
| BOTTOM OF THE 4TH |
|
Montreal Expos batting - Pitching for St. Louis Cardinals : RHP John D'Acquisto
|
|
Batting: SHB Garry Templeton
|
0-0: Ball 1-0: DOUBLE (Line Drive, 7LS, EV 115.0 MPH)
|
|
Batting: LHB Kirk Gibson
|
0-0: Called Strike 0-1: Foul Ball, location: 2F 0-2: Ball 1-2: Strikes out swinging
|
|
Batting: RHB Dale Murphy
|
0-0: Swinging Strike 0-1: Ball 1-1: Ball 2-1: Ball 3-1: Fly out, F7 (Flyball, 7D, EV 100.6 MPH) Runner from 2nd tags up, SAFE at 3rd, no throw by LF
|
|
Batting: RHB Dave Winfield
|
0-0: Called Strike 0-1: Ball 1-1: Swinging Strike 1-2: Strikes out swinging
|
| Bottom of the 4th over - 0 runs, 1 hit, 0 errors, 1 left on base; St. Louis 0 - Montreal 0 |
| TOP OF THE 5TH |
|
St. Louis Cardinals batting - Pitching for Montreal Expos : LHP Frank Riccelli
|
|
Batting: LHB Jim Gantner
|
0-0: Ball 1-0: Swinging Strike 1-1: Ball 2-1: Swinging Strike 2-2: Ball 3-2: Fly out, F7 (Flyball, 7LS, EV 90.6 MPH)
|
|
Batting: RHB Joe Torre
|
0-0: Swinging Strike 0-1: Foul Ball, location: 2F 0-2: Ball 1-2: Ball 2-2: Foul Ball, location: 2F 2-2: Foul Ball, location: 2F 2-2: SINGLE (Flyball, 89S, EV 88.8 MPH)
|
|
Batting: RHB Brian Dayett
|
0-0: Fly out, F9 (Flyball, 9, EV 88.8 MPH)
|
|
Batting: RHB John D'Acquisto
|
0-0: Called Strike 0-1: Swinging Strike 0-2: Strikes out looking
|
| Top of the 5th over - 0 runs, 1 hit, 0 errors, 1 left on base; St. Louis 0 - Montreal 0 |
| BOTTOM OF THE 5TH |
|
Montreal Expos batting - Pitching for St. Louis Cardinals : RHP John D'Acquisto
|
|
Batting: LHB Timnothy Meyer
|
0-0: Ball 1-0: Foul Ball, location: 2F 1-1: Fly out, F4 (Popup, 4, EV 61.9 MPH)
|
|
Batting: LHB Ernesto Quevedo
|
0-0: Ball 1-0: Foul Ball, location: 2F 1-1: Ball 2-1: Ball 3-1: Called Strike 3-2: Base on Balls
|
|
Batting: LHB Orlando Sanchez
|
0-0: Ball 1-0: Called Strike 1-1: Grounds into double play, 4-6-3 (Groundball, 4, EV 87.5 MPH)
|
| Bottom of the 5th over - 0 runs, 0 hits, 0 errors, 0 left on base; St. Louis 0 - Montreal 0 |
| TOP OF THE 6TH |
|
St. Louis Cardinals batting - Pitching for Montreal Expos : LHP Frank Riccelli
|
|
Batting: SHB Otis Nixon
|
0-0: Called Strike 0-1: Ball 1-1: Foul Ball, location: 2F 1-2: Ball 2-2: Ball 3-2: Ground out 4-3 (Groundball, 4, EV 84.4 MPH)
|
|
Batting: SHB Billy E Smith
|
0-0: Called Strike 0-1: Called Strike 0-2: Ball 1-2: Ground out 6-3 (Groundball, 6, EV 85.0 MPH)
|
|
Batting: RHB Sixto Lezcano
|
0-0: Ball 1-0: Ball 2-0: Ball 3-0: Called Strike 3-1: Fly out, F8 (Flyball, 8RXD, EV 87.5 MPH)
|
| Top of the 6th over - 0 runs, 0 hits, 0 errors, 0 left on base; St. Louis 0 - Montreal 0 |
| BOTTOM OF THE 6TH |
|
Montreal Expos batting - Pitching for St. Louis Cardinals : RHP John D'Acquisto
|
|
Batting: LHB Frank Riccelli
|
0-0: Called Strike 0-1: Ball 1-1: Foul Ball, location: 2F 1-2: Ball 2-2: Strikes out swinging
|
|
Batting: LHB Duane Walker
|
0-0: Called Strike 0-1: Foul Ball, location: 2F 0-2: Ball 1-2: Ground out 5-3 (Groundball, 56, EV 83.8 MPH)
|
|
Batting: SHB Garry Templeton
|
0-0: Ball 1-0: Foul Ball, location: 2F 1-1: Ground out 4-3 (Groundball, 4, EV 87.5 MPH)
|
| Bottom of the 6th over - 0 runs, 0 hits, 0 errors, 0 left on base; St. Louis 0 - Montreal 0 |
| TOP OF THE 7TH |
|
St. Louis Cardinals batting - Pitching for Montreal Expos : LHP Frank Riccelli
|
|
Batting: LHB Pat Putnam
|
0-0: Foul Ball, location: 2F 0-1: Foul Ball, location: 2F 0-2: Ball 1-2: Foul Ball, location: 2F 1-2: Ball 2-2: Ball 3-2: Foul Ball, location: 2F 3-2: Fly out, F8 (Line Drive, 8RM, EV 100.0 MPH)
|
|
Batting: RHB Pascual D'Annunzio
|
0-0: Called Strike 0-1: Fly out, F6 (Line Drive, 6, EV 60.6 MPH)
|
|
Batting: LHB Jim Gantner
|
0-0: Ball 1-0: Ball 2-0: Ball 3-0: Called Strike 3-1: SINGLE (Line Drive, 34D, EV 108.8 MPH)
|
|
Batting: RHB Joe Torre
|
0-0: Called Strike 0-1: Ball 1-1: Ball 2-1: Fielders Choice at 2nd, 5-4 (Groundball, 56, EV 103.1 MPH)
|
| Top of the 7th over - 0 runs, 1 hit, 0 errors, 1 left on base; St. Louis 0 - Montreal 0 |
| BOTTOM OF THE 7TH |
|
Montreal Expos batting - Pitching for St. Louis Cardinals : RHP John D'Acquisto
|
|
Batting: LHB Kirk Gibson
|
0-0: Swinging Strike 0-1: Called Strike 0-2: Strikes out swinging
|
|
Batting: RHB Dale Murphy
|
0-0: Called Strike 0-1: Foul Ball, location: 2F 0-2: Ball 1-2: Foul Ball, location: 2F 1-2: Fly out, F7 (Flyball, 7S, EV 73.8 MPH)
|
|
Batting: RHB Dave Winfield
|
0-0: Called Strike 0-1: Called Strike 0-2: Ball 1-2: Fly out, F9 (Flyball, 9LM, EV 75.6 MPH)
|
| Bottom of the 7th over - 0 runs, 0 hits, 0 errors, 0 left on base; St. Louis 0 - Montreal 0 |
| TOP OF THE 8TH |
|
St. Louis Cardinals batting - Pitching for Montreal Expos : LHP Frank Riccelli
|
|
Batting: RHB Brian Dayett
|
0-0: Called Strike 0-1: Foul Ball, location: 2F 0-2: SINGLE (Flyball, 3D, EV 85.0 MPH)
|
|
Batting: RHB John D'Acquisto
|
0-0: Sac Bunt to 13 - play at first, batter OUT! 1-4 Brian Dayett to second
|
|
Batting: SHB Otis Nixon
|
0-0: Swinging Strike 0-1: Swinging Strike 0-2: Strikes out swinging
|
|
Batting: SHB Billy E Smith
|
0-0: Ball 1-0: Called Strike 1-1: Swinging Strike 1-2: Strikes out looking
|
| Top of the 8th over - 0 runs, 1 hit, 0 errors, 1 left on base; St. Louis 0 - Montreal 0 |
| BOTTOM OF THE 8TH |
|
Montreal Expos batting - Pitching for St. Louis Cardinals : RHP John D'Acquisto
|
|
Pitching: RHP Larry Andersen
|
|
|
Batting: LHB Timnothy Meyer
|
0-0: Swinging Strike 0-1: Ball 1-1: Fly out, F8 (Flyball, 8RXD, EV 102.5 MPH)
|
|
Batting: LHB Ernesto Quevedo
|
0-0: Ball 1-0: SINGLE (Groundball, 3D, EV 106.9 MPH)
|
|
Batting: LHB Orlando Sanchez
|
0-0: Called Strike 0-1: Ball 1-1: Fielders Choice at 2nd, 4-6 (Groundball, 34D, EV 83.8 MPH)
|
|
Batting: LHB Frank Riccelli
|
0-0: Ball 1-0: Fielders Choice at 2nd, 6-4 (Groundball, 6, EV 90.6 MPH)
|
| Bottom of the 8th over - 0 runs, 1 hit, 0 errors, 1 left on base; St. Louis 0 - Montreal 0 |
| TOP OF THE 9TH |
|
St. Louis Cardinals batting - Pitching for Montreal Expos : LHP Frank Riccelli
|
|
Batting: RHB Sixto Lezcano
|
0-0: Called Strike 0-1: Ball 1-1: Called Strike 1-2: Ball 2-2: Ball 3-2: Foul Ball, location: 2F 3-2: Ground out 5-3 (Groundball, 56S, EV 65.6 MPH)
|
|
Pinch Hitting: RHB Craig Stimac
|
0-0: Called Strike 0-1: Swinging Strike 0-2: Ball 1-2: Strikes out swinging
|
|
Batting: RHB Pascual D'Annunzio
|
0-0: Called Strike 0-1: Called Strike 0-2: Ball 1-2: SINGLE (Groundball, 34D, EV 99.4 MPH) (infield hit)
|
|
Batting: LHB Jim Gantner
|
0-0: Ball 1-0: SINGLE (Groundball, 4D, EV 108.1 MPH) Pascual D'Annunzio to second Runner from 2nd tries for 3rd, SAFE, throw by CF made to third
|
|
Pitching: RHP Rollie Fingers
|
|
|
Pinch Hitting: LHB Mike Davis
|
0-0: Ball 1-0: Fly out, F7 (Flyball, 7, EV 84.4 MPH)
|
| Top of the 9th over - 0 runs, 2 hits, 0 errors, 2 left on base; St. Louis 0 - Montreal 0 |
| BOTTOM OF THE 9TH |
|
Montreal Expos batting - Pitching for St. Louis Cardinals : RHP Larry Andersen
|
|
Now at 1B: Craig Stimac
|
|
|
Now in LF: Mike Davis
|
|
|
Batting: LHB Duane Walker
|
0-0: Foul Ball, location: 2F 0-1: Ball 1-1: Ball 2-1: Ball 3-1: Called Strike 3-2: Ground out 2-3 (Groundball, 15S, EV 65.0 MPH)
|
|
Batting: SHB Garry Templeton
|
0-0: Fly out, F8 (Flyball, 8LD, EV 91.3 MPH)
|
|
Batting: LHB Kirk Gibson
|
0-0: Ground out 6-3 (Groundball, 4M, EV 90.6 MPH)
|
| Bottom of the 9th over - 0 runs, 0 hits, 0 errors, 0 left on base; St. Louis 0 - Montreal 0 |
| TOP OF THE 10TH |
|
St. Louis Cardinals batting - Pitching for Montreal Expos : RHP Rollie Fingers
|
|
Batting: RHB Brian Dayett
|
0-0: DOUBLE (Popup, 6D, EV 48.1 MPH)
|
|
Pinch Hitting: RHB Bob Watson
|
0-0: Ball 1-0: SINGLE (Line Drive, 89S, EV 95.6 MPH) Brian Dayett to third Runner from 3rd tries for Home, SAFE, throw by RF to home
|
|
Batting: SHB Otis Nixon
|
0-0: Fly out, F9 (Line Drive, 9, EV 89.4 MPH)
|
|
Batting: SHB Billy E Smith
|
Pickoff Throw to First - Out! 1-3 0-0: Ball 1-0: Ball 2-0: Called Strike 2-1: Foul Ball, location: 2F 2-2: Foul Ball, location: 2F 2-2: Foul Ball, location: 2F 2-2: Ball 3-2: Ground out 2-3 (Groundball, 15S, EV 67.5 MPH)
|
| Top of the 10th over - 1 run, 2 hits, 0 errors, 0 left on base; St. Louis 1 - Montreal 0 |
| BOTTOM OF THE 10TH |
|
Montreal Expos batting - Pitching for St. Louis Cardinals : RHP Larry Andersen
|
|
Pitching: RHP Robert Arnold
|
|
|
Now at 2B: Steve Lubratich
|
|
|
Now in CF: Mookie Wilson
|
|
|
Batting: RHB Dale Murphy
|
0-0: Called Strike 0-1: Called Strike 0-2: Ball 1-2: Foul Ball, location: 2F 1-2: Hit by Pitch
|
|
Batting: RHB Dave Winfield
|
0-0: Ball 1-0: Swinging Strike 1-1: Ball 2-1: Ball 3-1: Foul Ball, location: 2F 3-2: Base on Balls Dale Murphy to second
|
|
Batting: LHB Timnothy Meyer
|
0-0: Foul Ball, location: 2F 0-1: Fielders Choice at 2nd, 6-4 (Groundball, 6, EV 96.9 MPH) Dale Murphy to third
|
|
Batting: LHB Ernesto Quevedo
|
0-0: Called Strike 0-1: Ball 1-1: Foul Ball, location: 2F 1-2: Ball Wild Pitch! Dale Murphy scores Timnothy Meyer to second 2-2: Strikes out swinging
|
|
Batting: LHB Orlando Sanchez
|
0-0: Called Strike 0-1: Called Strike 0-2: Strikes out swinging
|
| Bottom of the 10th over - 1 run, 0 hits, 0 errors, 1 left on base; St. Louis 1 - Montreal 1 |
| TOP OF THE 11TH |
|
St. Louis Cardinals batting - Pitching for Montreal Expos : RHP Rollie Fingers
|
|
Batting: RHB Sixto Lezcano
|
0-0: Ball 1-0: Ball 2-0: Called Strike 2-1: Ball 3-1: Fly out, F8 (Flyball, 8RM, EV 90.0 MPH)
|
|
Batting: RHB Craig Stimac
|
0-0: Called Strike 0-1: Foul Ball, location: 2F 0-2: Ball 1-2: Strikes out swinging
|
|
Batting: RHB Pascual D'Annunzio
|
0-0: SOLO HOME RUN (Flyball, 7D, EV 98.8 MPH), Distance : 379 ft
|
|
Batting: RHB Steve Lubratich
|
0-0: Ball 1-0: Foul Ball, location: 2F 1-1: Ball 2-1: Foul Ball, location: 2F 2-2: Strikes out looking
|
| Top of the 11th over - 1 run, 1 hit, 0 errors, 0 left on base; St. Louis 2 - Montreal 1 |
| BOTTOM OF THE 11TH |
|
Montreal Expos batting - Pitching for St. Louis Cardinals : RHP Robert Arnold
|
|
Pinch Hitting: SHB Biff Pocoroba
|
0-0: Called Strike 0-1: Called Strike 0-2: Foul Ball, location: 2F 0-2: SINGLE (Line Drive, 9S, EV 87.5 MPH)
|
|
Batting: LHB Duane Walker
|
0-0: Ball 1-0: Ball 2-0: Ball 3-0: Base on Balls Biff Pocoroba to second
|
|
Batting: SHB Garry Templeton
|
0-0: Called Strike 0-1: Swinging Strike 0-2: Ball 1-2: Ball 2-2: Foul Ball, location: 2F 2-2: DOUBLE (Line Drive, 89D, EV 101.3 MPH) Biff Pocoroba scores Duane Walker to third
|
|
Batting: LHB Kirk Gibson
|
0-0: Intentional Walk
|
|
Batting: RHB Dale Murphy
|
0-0: Ball 1-0: Ball 2-0: Foul Ball, location: 2F 2-1: Ball 3-1: Base on Balls Duane Walker scores Garry Templeton to third Kirk Gibson to second
|
| Bottom of the 11th over - 2 runs, 2 hits, 0 errors, 0 left on base; St. Louis 2 - Montreal 3 |
|